3L
SEATTLE ROCKETEERS @ D.C. DIVIDED
07/30/2039
 
TOP OF THE 1ST
Seattle Rocketeers batting - Pitching for D.C. Divided : RHP Van Hileman
Pitching: RHP Van Hileman
Batting: SHB Obke Preesman 0-0: Ball
1-0: Ball
2-0: Fly out, F6 (Popup, 5D, EV 48.8 MPH)
Batting: RHB Meester Gobbles-Rooster 0-0: Called Strike
0-1: Foul Ball, location: 2F
0-2: Ball
1-2: Fly out, F8 (Flyball, 8RD, EV 91.9 MPH)
Batting: RHB Alain Grosjean 0-0: Ball
1-0: SINGLE (Groundball, 6MD, EV 105.0 MPH)
Batting: RHB Bastiaan Pieterse 0-0: Called Strike
0-1: Ball
1-1: Fly out, F3 (Popup, 34, EV 72.5 MPH)
Top of the 1st over - 0 runs, 1 hit, 0 errors, 1 left on base; Seattle 0 - D.C. 0
BOTTOM OF THE 1ST
D.C. Divided batting - Pitching for Seattle Rocketeers : RHP Alain Arnaud
Pitching: RHP Alain Arnaud
Batting: LHB Dallas Ihde 0-0: Ball
1-0: SINGLE (Groundball, 56D, EV 108.1 MPH)
Batting: LHB Bill Butler 0-0: Called Strike
0-1: Foul Ball, location: 2F
0-2: Foul Ball, location: 2F
0-2: Strikes out looking
Batting: RHB Martín Chávez 0-0: Ball
1-0: Foul Ball, location: 2F
1-1: 2-RUN HOME RUN (Flyball, 78XD, EV 108.1 MPH), Distance : 446 ft
Batting: LHB Alex Avery 0-0: Ground out U3 (Groundball, 3S, EV 90.6 MPH)
Batting: RHB Kimi Okubo 0-0: Swinging Strike
0-1: DOUBLE (Line Drive, 89D, EV 106.2 MPH)
Batting: RHB Mario Castillo 0-0: Foul Ball, location: 2F
0-1: Ball
1-1: Called Strike
1-2: Strikes out swinging
Bottom of the 1st over - 2 runs, 3 hits, 0 errors, 1 left on base; Seattle 0 - D.C. 2
TOP OF THE 2ND
Seattle Rocketeers batting - Pitching for D.C. Divided : RHP Van Hileman
Batting: RHB Claudio Tappen 0-0: Called Strike
0-1: Called Strike
0-2: SINGLE (Groundball, 4MS, EV 71.9 MPH) (infield hit)
Batting: SHB Glyn Bolasky 0-0: Ball
Claudio Tappen steals 2nd base
1-0: Ball
2-0: Ball
3-0: Called Strike
3-1: Base on Balls
Batting: RHB Jurgen Flurgenburgen 0-0: Swinging Strike
0-1: Ball
1-1: Ball
2-1: Swinging Strike
2-2: Ground out 5-3 (Groundball, 56S, EV 61.9 MPH)
Claudio Tappen to third
Glyn Bolasky to second
Batting: SHB Charles Geudre 0-0: Swinging Strike
0-1: Foul Ball, location: 2F
0-2: Ground out U3 (Groundball, 34D, EV 83.1 MPH)
Claudio Tappen scores
Glyn Bolasky to third
Batting: SHB Lodd Felton 0-0: Ball
1-0: Ball
2-0: Called Strike
2-1: Swinging Strike
2-2: Foul Ball, location: 2F
2-2: Ball
3-2: Foul Ball, location: 2F
3-2: Strikes out swinging
Top of the 2nd over - 1 run, 1 hit, 0 errors, 1 left on base; Seattle 1 - D.C. 2
BOTTOM OF THE 2ND
D.C. Divided batting - Pitching for Seattle Rocketeers : RHP Alain Arnaud
Batting: RHB Júlio Rodríguez 0-0: Called Strike
0-1: Ball
1-1: Foul Ball, location: 2F
1-2: Fly out, F7 (Flyball, 7S, EV 78.1 MPH)
Batting: LHB Stanley Zijm 0-0: Called Strike
0-1: Called Strike
0-2: Foul Ball, location: 2F
0-2: Ground out 1-3 (Groundball, 34S, EV 79.4 MPH)
Batting: RHB Nick Boyd 0-0: Ball
1-0: Ground out 4-3 (Groundball, 4M, EV 101.2 MPH)
Bottom of the 2nd over - 0 runs, 0 hits, 0 errors, 0 left on base; Seattle 1 - D.C. 2
TOP OF THE 3RD
Seattle Rocketeers batting - Pitching for D.C. Divided : RHP Van Hileman
Batting: SHB Obke Preesman 0-0: Called Strike
0-1: Ball
1-1: DOUBLE (Line Drive, 9LD, EV 111.2 MPH)
Batting: RHB Meester Gobbles-Rooster 0-0: Ball
1-0: Foul Ball, location: 2F
1-1: Ground out 4-3 (Groundball, 4M, EV 91.9 MPH)
Obke Preesman to third
Batting: RHB Alain Grosjean 0-0: Ball
1-0: Ball
2-0: Ball
3-0: 2-RUN HOME RUN (Flyball, 7D, EV 105.0 MPH), Distance : 398 ft
Batting: RHB Bastiaan Pieterse 0-0: Ball
1-0: SINGLE (Flyball, 89S, EV 93.8 MPH)
Batting: RHB Claudio Tappen 0-0: Called Strike
0-1: Foul Ball, location: 2F
0-2: Ball
1-2: Ball
2-2: Strikes out swinging
Batting: SHB Glyn Bolasky 0-0: Called Strike
0-1: SINGLE (Groundball, 4D, EV 106.2 MPH)
Bastiaan Pieterse to second
Batting: RHB Jurgen Flurgenburgen 0-0: Called Strike
0-1: Foul Ball, location: 2F
0-2: Fly out, F3 (Line Drive, 3, EV 65.0 MPH)
Top of the 3rd over - 2 runs, 4 hits, 0 errors, 2 left on base; Seattle 3 - D.C. 2
BOTTOM OF THE 3RD
D.C. Divided batting - Pitching for Seattle Rocketeers : RHP Alain Arnaud
Batting: LHB Dallas Ihde 0-0: Fly out, F9 (Flyball, 9S, EV 84.4 MPH)
Batting: LHB Bill Butler 0-0: Called Strike
0-1: Swinging Strike
0-2: Fly out, F4 (Popup, 4D, EV 57.5 MPH)
Batting: RHB Martín Chávez 0-0: Ball
1-0: Ground out 5-3 (Groundball, 56, EV 88.1 MPH)
Bottom of the 3rd over - 0 runs, 0 hits, 0 errors, 0 left on base; Seattle 3 - D.C. 2
TOP OF THE 4TH
Seattle Rocketeers batting - Pitching for D.C. Divided : RHP Van Hileman
Batting: SHB Charles Geudre 0-0: Ball
1-0: Ground out 4-3 (Groundball, 4, EV 80.0 MPH)
Batting: SHB Lodd Felton 0-0: Ball
1-0: Ground out 1-3 (Groundball, 34S, EV 88.8 MPH)
Batting: SHB Obke Preesman 0-0: Ball
1-0: Swinging Strike
1-1: Ball
2-1: Ball
3-1: Base on Balls
Batting: RHB Meester Gobbles-Rooster 0-0: Fielders Choice at 2nd, 5-4 (Groundball, 56, EV 81.9 MPH)
Top of the 4th over - 0 runs, 0 hits, 0 errors, 1 left on base; Seattle 3 - D.C. 2
BOTTOM OF THE 4TH
D.C. Divided batting - Pitching for Seattle Rocketeers : RHP Alain Arnaud
Batting: LHB Alex Avery 0-0: Called Strike
0-1: Ball
1-1: Ball
2-1: Foul Ball, location: 2F
2-2: Foul Ball, location: 2F
2-2: Ground out 4-3 (Groundball, 4, EV 85.6 MPH)
Batting: RHB Kimi Okubo 0-0: Foul Ball, location: 2F
0-1: Ball
1-1: Ball
2-1: Foul Ball, location: 2F
2-2: SINGLE (Groundball, 56D, EV 108.8 MPH)
Batting: RHB Mario Castillo 0-0: Called Strike
Kimi Okubo steals 2nd base
0-1: Foul Ball, location: 2F
0-2: Strikes out looking
Batting: RHB Júlio Rodríguez 0-0: Swinging Strike
0-1: Ball
1-1: Ground out 6-3 (Groundball, 6, EV 107.5 MPH)
Bottom of the 4th over - 0 runs, 1 hit, 0 errors, 1 left on base; Seattle 3 - D.C. 2
TOP OF THE 5TH
Seattle Rocketeers batting - Pitching for D.C. Divided : RHP Van Hileman
Batting: RHB Alain Grosjean 0-0: Ball
1-0: SINGLE (Groundball, 6MD, EV 95.0 MPH)
Batting: RHB Bastiaan Pieterse 0-0: Grounds into double play, 4-6-3 (Groundball, 4, EV 86.9 MPH)
Batting: RHB Claudio Tappen 0-0: Called Strike
0-1: Reached via error on a dropped throw from 1B, E1 (Groundball, 34, EV 90.0 MPH)
Batting: SHB Glyn Bolasky 0-0: Ball
1-0: Called Strike
1-1: Swinging Strike
1-2: Strikes out looking
Top of the 5th over - 0 runs, 1 hit, 1 error, 1 left on base; Seattle 3 - D.C. 2
BOTTOM OF THE 5TH
D.C. Divided batting - Pitching for Seattle Rocketeers : RHP Alain Arnaud
Batting: LHB Stanley Zijm 0-0: Foul Ball, location: 2F
0-1: Swinging Strike
0-2: Ball
1-2: Ball
2-2: Ball
3-2: Strikes out swinging
Batting: RHB Nick Boyd 0-0: Ball
1-0: Called Strike
1-1: Ball
2-1: Foul Ball, location: 2F
2-2: Ball
3-2: Ground out 5-3 (Groundball, 56S, EV 68.8 MPH)
Batting: LHB Dallas Ihde 0-0: Ball
1-0: Ball
2-0: Fly out, F7 (Flyball, 7S, EV 95.6 MPH)
Bottom of the 5th over - 0 runs, 0 hits, 0 errors, 0 left on base; Seattle 3 - D.C. 2
TOP OF THE 6TH
Seattle Rocketeers batting - Pitching for D.C. Divided : RHP Van Hileman
Batting: RHB Jurgen Flurgenburgen 0-0: Ground out 5-3 (Groundball, 56, EV 88.1 MPH)
Batting: SHB Charles Geudre 0-0: Ball
1-0: Ball
2-0: Ball
3-0: Called Strike
3-1: Foul Ball, location: 2F
3-2: Ground out 5-3 (Groundball, 56S, EV 85.0 MPH)
Batting: SHB Lodd Felton 0-0: Ball
1-0: Called Strike
1-1: Foul Ball, location: 2F
1-2: Strikes out swinging
Top of the 6th over - 0 runs, 0 hits, 0 errors, 0 left on base; Seattle 3 - D.C. 2
BOTTOM OF THE 6TH
D.C. Divided batting - Pitching for Seattle Rocketeers : RHP Alain Arnaud
Batting: LHB Bill Butler 0-0: Ball
1-0: Ball
2-0: Ball
3-0: Called Strike
3-1: Base on Balls
Batting: RHB Martín Chávez 0-0: SINGLE (Groundball, 6D, EV 95.6 MPH)
Bill Butler to second
Batting: LHB Alex Avery 0-0: Foul Ball, location: 2F
0-1: Ball
1-1: 3-RUN HOME RUN (Flyball, 9LD, EV 95.0 MPH), Distance : 338 ft
Batting: RHB Kimi Okubo 0-0: Fly out, F8 (Flyball, 89D, EV 88.1 MPH)
Batting: RHB Mario Castillo 0-0: Ground out 5-3 (Groundball, 56S, EV 74.4 MPH)
Batting: RHB Júlio Rodríguez 0-0: Foul Ball, location: 2F
0-1: Foul Ball, location: 2F
0-2: Ball
1-2: Ball
2-2: Ground out 5-3 (Groundball, 5S, EV 80.0 MPH)
Bottom of the 6th over - 3 runs, 2 hits, 0 errors, 0 left on base; Seattle 3 - D.C. 5
TOP OF THE 7TH
Seattle Rocketeers batting - Pitching for D.C. Divided : RHP Van Hileman
Batting: SHB Obke Preesman 0-0: Ball
1-0: Fly out, F8 (Line Drive, 8LM, EV 113.1 MPH)
Batting: RHB Meester Gobbles-Rooster 0-0: Fly out, F8 (Flyball, 8LS, EV 96.9 MPH)
Batting: RHB Alain Grosjean 0-0: Ball
1-0: Ball
2-0: Ball
3-0: Called Strike
3-1: Ground out 5-3 (Groundball, 56, EV 102.5 MPH)
Top of the 7th over - 0 runs, 0 hits, 0 errors, 0 left on base; Seattle 3 - D.C. 5
BOTTOM OF THE 7TH
D.C. Divided batting - Pitching for Seattle Rocketeers : RHP Alain Arnaud
Pitching: RHP Suhaila Zainuddin
Batting: LHB Stanley Zijm 0-0: Ball
1-0: Ground out 1-3 (Groundball, 15S, EV 67.5 MPH)
Batting: RHB Nick Boyd 0-0: Ball
1-0: Ground out U3 (Groundball, 3S, EV 69.4 MPH)
Batting: LHB Dallas Ihde 0-0: Foul Ball, location: 2F
0-1: Ball
1-1: Ball
2-1: SOLO HOME RUN (Flyball, 9D, EV 95.6 MPH), Distance : 386 ft
Batting: LHB Bill Butler 0-0: Foul Ball, location: 2F
0-1: Foul Ball, location: 2F
0-2: Foul Ball, location: 2F
0-2: Fly out, F4 (Line Drive, 4, EV 66.9 MPH)
Bottom of the 7th over - 1 run, 1 hit, 0 errors, 0 left on base; Seattle 3 - D.C. 6
TOP OF THE 8TH
Seattle Rocketeers batting - Pitching for D.C. Divided : RHP Van Hileman
Pitching: RHP Aiden Dubhghall
Batting: RHB Bastiaan Pieterse 0-0: Ball
1-0: Ball
2-0: Ball
3-0: Base on Balls
Batting: RHB Claudio Tappen 0-0: Called Strike
0-1: Foul Ball, location: 2F
0-2: Ball
1-2: Ball
2-2: Ball
3-2: SINGLE (Line Drive, 9S, EV 98.8 MPH)
Bastiaan Pieterse to second
Batting: SHB Glyn Bolasky 0-0: Ball
1-0: Swinging Strike
1-1: Swinging Strike
1-2: Ball
2-2: Ball
3-2: Foul Ball, location: 2F
3-2: Strikes out looking
Batting: RHB Jurgen Flurgenburgen 0-0: Ball
1-0: SINGLE (Line Drive, 9S, EV 107.5 MPH)
Bastiaan Pieterse to third
Claudio Tappen to second
Pitching: RHP Baker Mayfield
Batting: SHB Charles Geudre 0-0: Ball
1-0: Ball
2-0: Called Strike
2-1: Grounds into fielders choice 5-2 (Groundball, 56S, EV 88.8 MPH)
Claudio Tappen to third
Jurgen Flurgenburgen to second
Batting: SHB Lodd Felton 0-0: Ball
1-0: Ball
2-0: Fielders Choice at 2nd, U6 (Groundball, 6M, EV 81.9 MPH)
Top of the 8th over - 0 runs, 2 hits, 0 errors, 3 left on base; Seattle 3 - D.C. 6
BOTTOM OF THE 8TH
D.C. Divided batting - Pitching for Seattle Rocketeers : RHP Suhaila Zainuddin
Batting: RHB Martín Chávez 0-0: Ball
1-0: SINGLE (Line Drive, 56D, EV 96.2 MPH)
Batting: LHB Alex Avery 0-0: Called Strike
0-1: Ball
1-1: Ball
2-1: Called Strike
2-2: Foul Ball, location: 2F
2-2: Ball
3-2: Strikes out swinging
Batting: RHB Kimi Okubo 0-0: Ball
1-0: Foul Ball, location: 2F
1-1: Fly out, F9 (Flyball, 9, EV 75.0 MPH)
Batting: RHB Mario Castillo 0-0: Called Strike
0-1: Called Strike
0-2: Foul Ball, location: 2F
0-2: Ball
1-2: Ball
2-2: Foul Ball, location: 2F
2-2: Foul Ball, location: 2F
2-2: Strikes out looking
Bottom of the 8th over - 0 runs, 1 hit, 0 errors, 1 left on base; Seattle 3 - D.C. 6
TOP OF THE 9TH
Seattle Rocketeers batting - Pitching for D.C. Divided : RHP Baker Mayfield
Now at C: Gustavo González
Batting: SHB Obke Preesman 0-0: Ball
1-0: Fly out, F7 (Flyball, 7S, EV 87.5 MPH)
Batting: RHB Meester Gobbles-Rooster 0-0: Foul Ball, location: 2F
0-1: Ball
1-1: Foul Ball, location: 2F
1-2: Strikes out swinging
Batting: RHB Alain Grosjean 0-0: Fly out, F9 (Flyball, 9LMF, EV 101.9 MPH)
Top of the 9th over - 0 runs, 0 hits, 0 errors, 0 left on base; Seattle 3 - D.C. 6
Wednesday, July 8th, 2020 - OOTP Baseball 20.8 Build 74